 Dungeon Sprint DCSS version 0.29-a0-360-g8ed1089bbe (webtiles) character file.

Game seed: 16899774626817484630

1101 Zeldest the Grappler (level 8, -7/47 HPs)
             Began as a Vine Stalker Transmuter on Apr 28, 2022.
             Was an Initiate of Jiyva.
             Mangled by a skeletal warrior
             ... wielding a +0 battleaxe
              (24 damage)
             ... in the Dungeon (Sprint IX: "|||||||||||||||||||||||||||||").
             The game lasted 00:01:29 (120 turns).

Zeldest the Grappler (Vine Stalker Transmuter)       Turns: 120, Time: 00:01:30

Health: -7/47      AC:  2    Str: 16    XL:     8   Next: 32%
Magic:  0/12       EV: 12    Int: 13    God:    Jiyva [......]
Gold:   0          SH:  0    Dex: 20    Spells: 8/11 levels left

rFire   . . .      SeeInvis .     - Unarmed
rCold   . . .      Faith    .   (no shield)
rNeg    . . .      Spirit   +   a - +0 robe
rPois   .          Reflect  .   (helmet currently unavailable)
rElec   .          Harm     .   (no cloak)
rCorr   .          Rampage  .   (no gloves)
Will    +....      NoTele   +   (boots currently unavailable)
Stlth   ++........              (no amulet)
HPRegen 0.95/turn               l - +3 ring of dexterity
MPRegen 0.13/turn               m - +3 ring of dexterity

@: appendages (expiring), wereblooded (expiring), invisible
A: horns 2, talons 2, fangs 3, regeneration 1, magic shield, antimagic bite, no
potion heal 2
a: End Transformation, Renounce Religion


You were in the Dungeon.
You worshipped Jiyva.
Jiyva was noncommittal.
You had temporarily grown beastly horns and talons.
You visited 1 branch

Inventory:

Armour
 a - a +0 robe (worn)
 j - a +0 helmet (melded)
 k - a +0 pair of boots (melded)
Jewellery
 l - a +3 ring of dexterity (left hand)
 m - a +3 ring of dexterity (right hand)
Wands
 i - a wand of acid (6)
Scrolls
 g - 2 scrolls of blinking
 h - 2 scrolls of amnesia
Potions
 b - a potion of lignification
 c - 5 potions of curing
 d - a potion of haste
 e - 4 potions of magic


   Skills:
 + Level 8.2 Fighting
 - Level 1.5 Dodging
 + Level 9.5 Unarmed Combat
 - Level 2.1 Spellcasting
 + Level 9.2 Transmutations
 + Level 8.1 Evocations


You had 8 spell levels left.
You knew the following spells:

 Your Spells              Type           Power      Damage    Failure   Level
a - Beastly Appendage     Tmut           50%        N/A       1%          1
b - Wereblood             Tmut           25%        N/A       1%          2

Your spell library contained the following spells:

 Spells                   Type           Power      Damage    Failure   Level
 Spider Form              Tmut/Pois      13%        N/A       11%         3
 Ice Form                 Ice/Tmut       13%        N/A       36%         4


Dungeon Overview and Level Annotations

Branches:
Dungeon (1/1)

Altars:
Cheibriados
Dithmenos
Elyvilon
Fedhas
Gozag
Hepliaklqana
Kikubaaqudgha
Makhleb
Nemelex Xobeh
Okawaru
Qazlal
Ru
Sif Muna
Trog
Uskayaw
Vehumet
Wu Jian
Xom
Yredelemnul
Zin
The Shining One
Beogh
Jiyva
Lugonu


Innate Abilities, Weirdness & Mutations

You have temporarily grown beastly horns and talons.
You have razor-sharp teeth.
Your natural rate of healing is unusually fast.
When hurt, damage is shared between your health and your magic reserves.
Your bite disrupts and absorbs the magic of your enemies.
Potions cannot restore your health.


Message History

Items here: ))) †.
Your transformation is almost over.
Your primal bloodlust is almost over.
You feel sick.
You are no longer poisoned.
You howl as the wereblood boils in your veins!
You open the door.
A skeletal warrior, a wraith, a meliai, a kobold demonologist, a howler monkey and a manticore come into view.
The kobold demonologist is wielding a +0 dagger and wearing a +2 robe of positive energy.
The meliai buzzes angrily.
The meliai changes into a guardian serpent!
Aiming: Corrosive Bolt
Press: ? - help, Shift-Dir - straight line, f - skeletal warrior
Aim: a skeletal warrior, wielding a +0 battleaxe (can't see you, 74% to hit)
The bolt of acid hits the skeletal warrior!!
The acid corrodes the skeletal warrior!
The skeletal warrior is moderately damaged.
The bolt of acid hits the wraith!!
The wraith is heavily damaged.
The bolt of acid hits the guardian serpent!!
The guardian serpent is severely wounded.
The bolt of acid hits the kobold demonologist!!
The kobold demonologist is heavily wounded.
The kobold demonologist shouts!
The howler monkey howls!
The skeletal warrior hits you with a +0 battleaxe.
Aiming: Corrosive Bolt
Press: ? - help, Shift-Dir - straight line, f/p - skeletal warrior
Aim: a skeletal warrior, wielding a +0 battleaxe (moderately damaged, can't see you, covered in acid, 74% to hit)
The bolt of acid hits the skeletal warrior!
The skeletal warrior seems to be corroded for longer.
The skeletal warrior is heavily damaged.
The bolt of acid hits the wraith!!
The acid corrodes the wraith!
You destroy the wraith!
The bolt of acid hits the guardian serpent!!
The acid corrodes the guardian serpent!
You kill the guardian serpent!
The bolt of acid hits the kobold demonologist!
The kobold demonologist is almost dead.
The skeletal warrior hits you with a +0 battleaxe!!
Ouch! That really hurt!
You die...

▓.▓
▓.▓
▓'▓
▓)▓
▓.▓
▓)▓
▓.▓
▓.▓
▓@▓
▓z▓
▓.▓
▓.▓
▓.▓
▓K▓
▓H▓
▓h▓


You could see a skeletal warrior (can't see you, corroded), a manticore
(wandering, can't see you), a kobold demonologist (wandering, can't see you) and
a howler monkey (wandering, can't see you).

Vanquished Creatures
  A two-headed ogre (D)
  A guardian serpent (shapeshifter) (D)
  A vampire (D)
  2 wraiths (D)
  2 centaurs (D)
  A scorpion (D)
  A killer bee (D)
  2 adders (D)
  An ufetubus (D)
  An orc (D)
  A ball python (D)
  2 kobolds (D)
  2 rats (D)
18 creatures vanquished.

Vanquished Creatures (others)
  A great orb of eyes (D)
  A yaktaur captain (D)
  An elephant (shapeshifter) (D)
  A slime creature (D)
4 creatures vanquished.

Grand Total: 22 creatures vanquished

Notes
Turn   | Place    | Note
-------+----------+-------------------------------------------
     0 | D        | Zeldest the Vine Stalker Transmuter began the quest for the
                  | Orb.
     0 | D        | Reached XP level 1. HP: 9/9 MP: 4/4
     7 | D        | Reached skill level 1 in Fighting
    12 | D        | Reached skill level 1 in Evocations
    21 | D        | Noticed a scorpion
    25 | D        | Reached XP level 2. HP: 14/15 MP: 3/6
    31 | D        | Killed a scorpion
    32 | D        | Reached skill level 5 in Unarmed Combat
    32 | D        | Reached XP level 3. HP: 13/21 MP: 4/7
    32 | D        | Gained mutation: Your natural rate of healing is unusually
                  | fast. [Vine Stalker growth]
    32 | D        | Reached XP level 4. HP: 15/25 MP: 4/8
    40 | D        | Found a snail-covered altar of Cheibriados.
    40 | D        | Found a shadowy altar of Dithmenos.
    40 | D        | Found a white marble altar of Elyvilon.
    40 | D        | Found a blossoming altar of Fedhas.
    40 | D        | Found an opulent altar of Gozag.
    41 | D        | Found a hazy altar of Hepliaklqana.
    42 | D        | Found a viscous altar of Jiyva.
    43 | D        | Found an ancient bone altar of Kikubaaqudgha.
    44 | D        | Found a corrupted altar of Lugonu.
    45 | D        | Found a burning altar of Makhleb.
    46 | D        | Found a sparkling altar of Nemelex Xobeh.
    47 | D        | Found an iron altar of Okawaru.
    48 | D        | Found a stormy altar of Qazlal.
    49 | D        | Found a sacrificial altar of Ru.
    50 | D        | Became a worshipper of Jiyva Jysel the Shapeless
    51 | D        | Found a shimmering blue altar of Sif Muna.
    51 | D        | Killed a slime creature
    52 | D        | Found a bloodstained altar of Trog.
    52 | D        | Killed a yaktaur captain
    53 | D        | Found a hide-covered altar of Uskayaw.
    54 | D        | Found a radiant altar of Vehumet.
    54 | D        | Killed an elephant
    55 | D        | Found an ornate altar of the Wu Jian Council.
    55 | D        | Killed a great orb of eyes
    56 | D        | Found a shimmering altar of Xom.
    57 | D        | Found a basalt altar of Yredelemnul.
    58 | D        | Found a glowing silver altar of Zin.
    59 | D        | Found a glowing golden altar of the Shining One.
    97 | D        | Learned a level 2 spell: Wereblood
    99 | D        | Noticed a centaur
    99 | D        | Noticed a vampire
    99 | D        | Noticed a centaur
    99 | D        | Noticed a wraith
    99 | D        | Noticed a two-headed ogre
   103 | D        | Killed a centaur
   104 | D        | Reached skill level 5 in Transmutations
   104 | D        | Reached XP level 5. HP: 30/30 MP: 7/9
   109 | D        | Reached skill level 5 in Fighting
   109 | D        | Reached skill level 5 in Evocations
   110 | D        | Killed a vampire
   110 | D        | Killed a centaur
   110 | D        | Killed a wraith
   111 | D        | Reached XP level 6. HP: 21/37 MP: 5/10
   111 | D        | Reached XP level 7. HP: 23/41 MP: 5/11
   113 | D        | Killed a two-headed ogre
   114 | D        | Gained mutation: You have razor-sharp teeth. [Vine Stalker
                  | growth]
   114 | D        | Reached XP level 8. HP: 17/47 MP: 3/12
   118 | D        | Noticed a skeletal warrior
   118 | D        | Noticed a wraith
   118 | D        | Noticed a meliai
   118 | D        | Noticed a kobold demonologist
   118 | D        | Noticed a manticore
   118 | D        | Noticed a guardian serpent
   118 | D        | a meliai changed into a guardian serpent
   120 | D        | Killed a wraith
   120 | D        | Killed a guardian serpent
   120 | D        | Mangled by a skeletal warrior

Illustrated notes

Levels and vault maps discovered:
D:        linesprint [early_d, line_temple, items_1, d_10, items_2, lair_1,
          lair_end, items_3, orc_1, orc_end, items_4, d_15, swamp_1, shoals_1,
          snake_1, spider_1, d_20, vaults_1, items_5, swamp_end, shoals_end,
          snake_end, spider_end, vaults_end, d_27, items_6, zot_1, zot_end,
          crypt_end, forest_end, elf_end, slime_end, tomb_end, abyss_end,
          pan_hell_end]

Skill      XL: |  1  2  3  4  5  6  7 |
---------------+----------------------+-----
Fighting       | 1 3 4 6 8 |  8.2
Evocations     | 1 3 4 6 8 |  8.1
Transmutations | 4 5 7 9 |  9.2
Unarmed Combat | 5 6 8 9 |  9.5
Dodging        | |  1.5
Spellcasting   | |  2.1

Action                   |  1- 3 |  4- 6 |  7- 9 || total
-------------------------+-------+-------+-------++-------
Melee: Unarmed           |    18 |    10 |     1 ||    29
       Bite              |     4 |     2 |       ||     6
       Headbutt          |     3 |     3 |       ||     6
       Kick              |     2 |     3 |     1 ||     6
 Cast: Beastly Appendage |     2 |     1 |       ||     3
       Wereblood         |       |     1 |       ||     1
Evoke: Wand              |       |     2 |     2 ||     4
  Use: Potion            |     1 |     1 |       ||     2
 Stab: Sleeping          |       |     1 |       ||     1
Armor: Robe              |     5 |     2 |       ||     7
Dodge: Dodged            |     5 |    10 |     1 ||    16

Table legend: (Time is in decaauts)
 A = Elapsed time spent in this place.
 B = Non-inter-level travel time spent in this place.
 C = Inter-level travel time spent in this place.
 D = Time resting spent in this place.
 E = Time spent auto-exploring this place.
 F = Levels seen in this place.
 G = Mean time per level.
                   A        B        C        D        E       F      G
               +--------+--------+--------+--------+--------+-----+--------+
         Total |    123 |    123 |      0 |      0 |      0 |   1 |  123.0 |
       Dungeon |    123 |    123 |      0 |      0 |      0 |   1 |  123.0 |
               +--------+--------+--------+--------+--------+-----+--------+

Top non-repeatable levels by time:
       D: 123 daAuts
